 Dungeon Crawl Stone Soup version 0.20.2-3-g29329e0561 (webtiles) character file.

50 Alfie the Shield-Bearer (level 3, -4/33 HPs)
             Began as a Hill Orc Fighter on Apr 16, 2024.
             Slain by Sigmund
             ... wielding a +0 scythe
              (13 damage)
             ... on level 2 of the Dungeon.
             The game lasted 00:02:59 (1264 turns).

Alfie the Shield-Bearer (Hill Orc Fighter)          Turns: 1264, Time: 00:02:59

Health: -4/33      AC:  8    Str: 24    XL:     3   Next: 79%
Magic:  3/3        EV:  7    Int:  8    God:
Gold:   142        SH:  9    Dex: 10    Spells: 2/2 levels left

rFire    . . .     SeeInvis .   a - +0 rapier
rCold    . . .     Gourm    .   c - +0 shield
rNeg     . . .     Faith    .   b - +0 scale mail
rPois    .         Spirit   .   (no helmet)
rElec    .         Reflect  .   (no cloak)
rCorr    .         Harm     .   (no gloves)
MR       .....                  n - +0 pair of boots
Stlth    ..........             (no amulet)
Regen    0.2/turn               (no ring)
MPRegen  0.1/turn               (no ring)

@: mighty
A: no striking features
a: no special abilities


You were on level 2 of the Dungeon.
You were not hungry.

You visited 1 branch of the dungeon, and saw 2 of its levels.

You collected 142 gold pieces.

Inventory:

Hand Weapons
 a - a +0 rapier (weapon)
Armour
 b - a +0 scale mail (worn)
 c - a +0 shield (worn)
 n - a +0 pair of boots (worn)
Scrolls
 e - a scroll of random uselessness {unknown}
 i - 2 scrolls of amnesia {unknown}
 k - a scroll of enchant armour {unknown}
 l - 5 scrolls of identify {unknown}
 m - a scroll of blinking {unknown}
 q - a scroll of immolation {unknown}
 r - a scroll of remove curse
Potions
 d - a potion of might
 g - a potion of invisibility {unknown}
 h - 2 potions of agility {unknown}
 j - a potion of degeneration {unknown}
 p - a potion of resistance {unknown}
 s - 2 potions of flight {unknown}
Comestibles
 f - 2 bread rations
 o - a meat ration


   Skills:
 + Level 3.9 Fighting
 + Level 2.6 Short Blades
 + Level 3.7 Armour
 + Level 0.1 Dodging
 + Level 4.1 Shields


You had 2 spell levels left.
You didn't know any spells.

Dungeon Overview and Level Annotations

Branches:
Dungeon (2/15)

Altars:

Annotations:
D:2 Sigmund


Message History

You bump into the rock wall.
Something hits you but does no damage.
You bump into the rock wall.
You bump into the rock wall.
Something hits you.
You completely miss something.
Your shield and scale mail prevent you from hitting something.
You hear some strange, mumbled words.
Something tries to affect you, but you resist.
You're too confused to move!
Something hits you but does no damage.
You bump into the rock wall.
Something hits you but does no damage.
You bump into the rock wall.
You feel less confused.
You miss something. Something hits you.
You miss something. Something completely misses you.
You closely miss something. You closely miss something. Something hits you.
You closely miss something. Something hits you!
* * * LOW HITPOINT WARNING * * *
You closely miss something. Something hits you but does no damage.
You miss something. Something hits you!
You die...

#.##########.##.####
#.# #...(....## #.#
##.##...).. #.#
#.#####)## #.#
#.##...(.# #.#
#.##.....# #.####
##.##....(( #....#
#..##.....# ####@#
#.###...... #{# #.#
###..## #.# #.#
#.### #.#
###.#####.# ...
#.........### ###
#.#..........
...#########.. #..
#.. #.# ##..


There were no monsters in sight!

Vanquished Creatures
  An adder (D:2)
  A leopard gecko (D:2)
  6 bats
  A giant cockroach (D:2)
  10 goblins
  4 hobgoblins
  3 frilled lizards (D:1)
  9 kobolds
  5 rats
40 creatures vanquished.

Notes
Turn   | Place    | Note
-------+----------+-------------------------------------------
     0 | D:1      | Alfie the Hill Orc Fighter began the quest for the Orb.
     0 | D:1      | Reached XP level 1. HP: 19/19 MP: 1/1
   171 | D:1      | Reached XP level 2. HP: 27/27 MP: 2/2
   871 | D:2      | Reached XP level 3. HP: 33/33 MP: 3/3
   985 | D:2      | Reached skill level 4 in Shields
  1049 | D:2      | Found a faded altar of an unknown god.
  1241 | D:2      | Noticed Sigmund
  1264 | D:2      | Slain by Sigmund

Skill      XL: |  1  2  3 |
---------------+----------+-----
Shields        | 4 |  4.1
Fighting       | |  3.9
Short Blades   | |  2.6
Armour         | |  3.7
Dodging        | |  0.1

Action                   || total
-------------------------++-------
Melee: Rapier            ||   176
  Use: Scroll            ||     1
       Potion            ||     1
  Eat: Bread ration      ||     1
Armor: Scale mail        ||    88
Dodge: Dodged            ||    70
Block: Shield            ||    98
